 Dungeon Crawl Stone Soup version 0.28.0-47-ge53b351184 (webtiles) character file.

Game seed: 9208585429727164690

28 Allula97 the Cutter (level 2, -1/23 HPs)
             Began as a Demonspawn Gladiator on May 3, 2022.
             Slain by a gnoll
             ... wielding a +0 flail
              (8 damage)
             ... on level 2 of the Dungeon.
             The game lasted 00:01:14 (1134 turns).

Allula97 the Cutter (Demonspawn Gladiator)          Turns: 1134, Time: 00:01:14

Health: -1/23      AC:  6    Str: 14    XL:     2   Next: 96%
Magic:  2/2        EV: 11    Int:  9    God:
Gold:   49         SH:  0    Dex: 14    Spells: 1/1 levels left

rFire   + . .      SeeInvis .   a - +0 rapier
rCold   + . .      Faith    .   (no shield)
rNeg    . . .      Spirit   .   i - +0 ring mail
rPois   +          Reflect  .   c - +0 helmet
rElec   +          Harm     .   (no cloak)
rCorr   +          Rampage  .   (no gloves)
Will    .....                   (no boots)
Stlth   +.........              (no amulet)
HPRegen 0.07/turn               (no ring)
MPRegen 0.08/turn               (no ring)

@: resistant
A: spiny 1
a: no special abilities


You were on level 2 of the Dungeon.
You visited 1 branch of the dungeon, and saw 2 of its levels.

You collected 49 gold pieces.

Inventory:

Hand Weapons
 a - a +0 rapier (weapon)
Missiles
 d - 3 throwing nets (quivered)
Armour
 c - a +0 helmet (worn)
 i - a +0 ring mail (worn)
Scrolls
 b - a scroll of magic mapping {unknown}
 e - 2 scrolls of teleportation {unknown}
 f - a scroll of silence {unknown}
 g - a scroll of identify {unknown}


   Skills:
 * Level 2.3 Fighting
 * Level 3.1 Short Blades
 + Level 1.7 Throwing
 * Level 0.5 Armour
 * Level 2.9 Dodging
 * Level 0.3 Stealth


You had one spell level left.
You didn't know any spells.
Your spell library was empty.

Dungeon Overview and Level Annotations

Branches:
Dungeon (2/15)

Altars:


Innate Abilities, Weirdness & Mutations

You are partially covered in sharp spines.


Message History

b - a scroll labelled KUES PYCWAE You open the door.
An adder comes into view.
The adder hisses angrily.
The adder moves out of view.
Found a stone staircase leading down.
Found a scroll labelled RIWIAM KAHOFU.
There is an open door here.
A gnoll comes into view. It is wielding a +0 flail.
The gnoll shouts!
A gnoll comes into view. It is wielding a +0 flail.
The gnoll shouts!
The adder bites you.
You hit the adder but do no damage. The adder is struck by your spines.
The adder bites you.
A gnoll comes into view. It is wielding a +0 halberd.
You closely miss the adder.
The adder is moderately wounded.
The gnoll shouts!
The adder bites you but does no damage.
You hit the adder.
The adder is heavily wounded.
The adder bites you. x2
The adder barely misses you.
There is an open door here.
The adder is struck by your spines. The adder bites you.
You are poisoned.
The adder poisons you!
You feel sick.
You feel sick.
You feel sick. The adder closely misses you.
You feel sick.
You feel sick.
You are no longer poisoned.
It was a potion of resistance.
You feel protected. The adder is struck by your spines.
You kill the adder!
The gnoll hits you with a +0 flail!
You die...

#.#.#.#[..##.#.#
#.#.#.#.######.#.#
#...##.#.#.#........#.# #..
#...##.#.#.#.########.# #..
#...##.#.#............#
###...#...##.#..........#####
...?.+...+..#.########.#
#...#...#..##########.#
#......##.gg@.........#
+>.....'g...###########
#......#....#######.
#......#............
#......#..#.#######.
#......#..#.# #......#..#.#
#......#..#.# #......#..#.#


You could see 3 gnolls.

Vanquished Creatures
  An adder (D:2)
  2 endoplasms
  2 giant cockroaches (D:1)
  2 hobgoblins (D:1)
  2 kobolds (D:1)
  3 ball pythons (D:1)
  2 frilled lizards (D:1)
  3 goblins (D:1)
  A rat (D:1)
18 creatures vanquished.

Notes
Turn   | Place    | Note
-------+----------+-------------------------------------------
     0 | D:1      | Allula97 the Demonspawn Gladiator began the quest for the
                  | Orb.
     0 | D:1      | Reached XP level 1. HP: 16/16 MP: 1/1
   293 | D:1      | Gained mutation: You are partially covered in sharp spines.
                  | [demonic ancestry]
   293 | D:1      | Reached XP level 2. HP: 22/22 MP: 2/2
   327 | D:1      | Reached skill level 3 in Short Blades
  1134 | D:2      | Slain by a gnoll

Illustrated notes

Levels and vault maps discovered:
D:1:      kilobyte_arrival_exit_the_forest, layout_loops_ring
D:2:      layout_basic

Skill      XL: |  1  2 |
---------------+-------+-----
Short Blades   | 3 |  3.1
Fighting       | |  2.3
Throwing       | |  1.7
Armour         | |  0.5
Dodging        | |  2.9
Stealth        | |  0.3

Action                   || total
-------------------------++-------
Melee: Rapier            ||    33
  Use: Potion            ||     1
Armor: Leather armour    ||     8
       Ring mail         ||     1
Dodge: Dodged            ||    16
